 Dungeon Crawl Stone Soup version 0.27.1-1-g398f81649c (webtiles) character file.

Game seed: 4431077773843145765

12095 BOMJPIETVODKU the Fighter (level 11, 0/110 HPs)
             Began as a Deep Dwarf Fighter on Sept 5, 2021.
             Was a Priest of Makhleb.
             Slain by a blink frog (4 damage)
             ... on level 1 of the Lair of Beasts.
             The game lasted 00:33:44 (9413 turns).

BOMJPIETVODKU the Fighter (Deep Dwarf Fighter)      Turns: 9413, Time: 00:33:45

Health: 0/110      AC: 16    Str: 23    XL:     11   Next: 57%
Magic:  9/9        EV:  6    Int:  9    God:    Makhleb [***...]
Gold:   654        SH: 11    Dex: 12    Spells: 10/10 levels left

rFire    . . .     SeeInvis .   r - +11 short sword of the Sun {vorpal, rC++}
rCold    + + .     Faith    .   c - +0 kite shield
rNeg     . . .     Spirit   .   l - +1 plate armour
rPois    +         Reflect  .   I - +1 hat
rElec    .         Harm     .   (no cloak)
rCorr    .         Rampage  .   (no gloves)
Will     ++...                  (no boots)
Stlth    ..........             (no amulet)
HPRegen  0.00/turn              f - ring of poison resistance
MPRegen  0.11/turn              o - ring of willpower

@: no status effects
A: damage resistance, heal wounds, sense surroundings 2, no regeneration
a: Heal Wounds, Renounce Religion, Minor Destruction, Lesser Servant of Makhleb


You were on level 1 of the Lair of Beasts.
You worshipped Makhleb.
Makhleb was most pleased with you.
You visited 3 branches of the dungeon, and saw 15 of its levels.
You also visited: Ossuary.

You collected 1593 gold pieces.
You spent 939 gold pieces at shops.

Inventory:

Hand Weapons
 a - a +0 war axe
 m - the +8 battleaxe "Codil" {distort, Contam Str+4 Stlth+}
   (You bought it in a shop on level 2 of the Dungeon)

   It warps and distorts space around it, and may blink, banish, or inflict
   extra damage upon those it strikes.
   Unwielding it can cause banishment or high damage.
   Str:       It affects your strength (+4).
   Contam:    It causes magical contamination when unequipped.
   Stlth:     It makes you more stealthy.
 q - a +2 hand axe of freezing
 r - the +11 short sword of the Sun (weapon) {vorpal, rC++}
   (You found it on level 4 of the Dungeon)

   It inflicts extra damage upon your enemies.
   rC:        It greatly protects you from cold.
 J - the +6 long sword of Fortitude {freeze, Str+4 Dex+3}
   (You bought it in a shop on level 2 of the Dungeon)

   It freezes those it strikes, dealing additional cold damage.
   It can also slow down cold-blooded creatures.
   Str:       It affects your strength (+4).
   Dex:       It affects your dexterity (+3).
Missiles
 k - 46 poisoned darts
 K - 6 javelins
Armour
 c - a +0 kite shield (worn)
 l - a +1 plate armour (worn)
 I - a +1 hat (worn)
Jewellery
 f - a ring of poison resistance (left hand)
 j - a ring of magical power
 o - a ring of willpower (right hand)
 t - a +6 ring of intelligence
 y - a ring of ice
 C - a ring of see invisible
 E - a ring of resist corrosion
Wands
 A - a wand of acid (8)
 B - a wand of polymorph (17)
 G - a wand of mindburst (29)
 H - a wand of flame (41)
Scrolls
 e - 5 scrolls of teleportation
 i - 8 scrolls of enchant armour
 s - 5 scrolls of amnesia
 u - 2 scrolls of fear
 w - 2 scrolls of enchant weapon
 x - 3 scrolls of noise
 D - a scroll of holy word
 F - 2 scrolls of torment
 L - a scroll of summoning
 M - a scroll of magic mapping
 O - a scroll of blinking
 P - a scroll of immolation {unknown}
Potions
 b - a potion of brilliance
 d - 4 potions of might
 g - a potion of resistance
 h - 6 potions of curing
 n - 5 potions of flight
 p - a potion of heal wounds
 v - a potion of attraction
 z - 2 potions of degeneration
 N - a potion of ambrosia


   Skills:
 - Level 10.9 Fighting
 - Level 2.0 Short Blades
 * Level 10.2 Axes
 - Level 9.3 Armour
 - Level 1.1 Dodging
 - Level 7.4 Shields
 * Level 9.8 Invocations


You had 10 spell levels left.
You didn't know any spells.
Your spell library contained the following spells:

 Spells                   Type           Power      Damage    Failure   Level
 Apportation              Tloc           0%         N/A       100%        1
 Foxfire                  Conj/Fire      0%         2x1d4     100%        1
 Sting                    Tmut/Pois      0%         1d3       100%        1
 Poisonous Vapours        Pois/Air       0%         N/A       100%        2
 Conjure Flame            Conj/Fire      0%         6-21      100%        3
 Inner Flame              Hex/Fire       0%         N/A       100%        3
 Fulminant Prism          Conj/Hex       0%         3d6       100%        4
 Iskenderun's Mystic Bla  Conj/Tloc      0%         2d3       100%        4
 Olgreb's Toxic Radiance  Pois           0%         N/A       100%        4
 Alistair's Intoxication  Tmut/Pois      0%         N/A       100%        5
 Lee's Rapid Deconstruct  Erth           0%         3d5*      100%        5
 Invisibility             Hex            0%         N/A       100%        6
 Ozocubu's Refrigeration  Ice            0%         4d5       100%        7
 Ignition                 Fire           0%         3d3       100%        8


Dungeon Overview and Level Annotations

Branches:
Dungeon (13/15)            Temple (1/1) D:5            Lair (1/6) D:10
Ossuary (visited)
    Orc: D:9-12      Vaults: D:13-14

Altars:
Ashenzari
Cheibriados
Dithmenos
Elyvilon
Fedhas
Gozag
Hepliaklqana
Kikubaaqudgha
Makhleb
Nemelex Xobeh
Okawaru
Ru
Sif Muna
Trog
Uskayaw
Vehumet
Wu Jian
Xom
Yredelemnul
Zin
The Shining One

Shops:
D:1 ?   D:2 (   D:6 (

Annotations:
D:5 3 runed translucent doors, chimenez's ghost, novice DgEE


Innate Abilities, Weirdness & Mutations

You are resistant to damage.
You can heal yourself by infusing magical energy.
You passively map the area around you.
You do not regenerate.


Message History

You block the blink frog's attack. The blink frog hits you.
* * * LOW HITPOINT WARNING * * *
You hit the blink frog.
The blink frog is heavily wounded.
The blink frog blinks! x2; The blink frog hits you.
You barely miss the blink frog.
The blink frog is heavily wounded.
You block the blink frog's attack. x2
You puncture the blink frog!
The blink frog is almost dead.
You block the blink frog's attack.
You puncture the blink frog!
You kill the blink frog!
Makhleb accepts your kill.
The blink frog blinks!
The blink frog hits you!
* * * LOW HITPOINT WARNING * * *
The blink frog blinks!
The blink frog hits you but does no damage.
You hit the blink frog.
The blink frog is lightly wounded.
The blink frog hits you but does no damage.
The blink frog blinks!
Found a leather armour.
Found a bubbling black potion.
The blink frog blinks!
The blink frog hits you!
* * * LOW HITPOINT WARNING * * *
You block the blink frog's attack.
The blink frog hits you but does no damage. x2
You hit the blink frog but do no damage.
The blink frog is lightly wounded.
The blink frog hits you.
* * * LOW HITPOINT WARNING * * *
The blink frog hits you but does no damage.
You hit the blink frog.
The blink frog is moderately wounded.
You block the blink frog's attack.
The blink frog hits you but does no damage. x2
The blink frog hits you.
You die...

..#......##..#.######.! ,
..##.#..###.#[.P#####...
,,
.........#..##.##..##...,
.....#..##..............
, , ,
..P#.#..##...†..........
,
.....#..##.###†.........
,
.....P...#..#...........,
* ,
...........###...F......
, , ...........#
#..@F......, ,,
...........#*#..........
...##########...........
#P## ####..###.#P * ###
#### ##*


You could see 2 blink frogs.

Vanquished Creatures
  Urug (D:11)
  2 skeletal warriors (D:10)
  A cyclops (D:13)
  Maurice (D:10)
  A cane toad (Lair:1)
  A komodo dragon (D:8)
  A hornet (D:10)
  A troll (D:8)
  2 blink frogs (Lair:1)
  Prince Ribbit (D:7)
  2 wraiths
  A wyvern (D:10)
  5 yaks (D:9)
  3 steam dragons
  2 vampire mosquitoes (D:9)
  An acid dragon (D:9)
  2 water moccasins
  An orc warrior (D:10)
  A hornet zombie (D:8)
  3 black bears
  A necrophage (D:4)
  6 centaurs
  A kobold brigand (D:8)
  A phantom (D:6)
  An elf zombie (Ossuary)
  4 bullfrogs
  2 wyvern zombies
  3 scorpions
  19 killer bees
  12 wights
  5 centaur zombies
  3 hounds
  2 orc priests
  A bullfrog skeleton (D:4)
  A gnoll shaman (D:7)
  A scorpion zombie (D:5)
  7 iguanas
  3 orc wizards
  A hound skeleton (D:4)
  3 mummies (Ossuary)
  A howler monkey zombie (D:9)
  7 gnolls
  2 howler monkey skeletons (D:6)
  5 adders
  A shadow imp (D:7)
  A white imp (D:6)
  An adder skeleton (D:4)
  2 worms
  2 dart slugs
  12 orcs
  4 bats
  6 endoplasms
  3 giant cockroaches
  2 gnoll zombies (Ossuary)
  4 goblins
  8 hobgoblins
  2 jackals (D:2)
  20 kobolds
  A quokka (D:4)
  5 ball pythons
  5 frilled lizards
  6 goblin zombies (Ossuary)
  5 hobgoblin zombies (Ossuary)
  A kobold zombie (Ossuary)
  3 rats (D:1)
219 creatures vanquished.

Vanquished Creatures (others)
  9 fungi
  17 plants
26 creatures vanquished.

Grand Total: 245 creatures vanquished

Notes
Turn   | Place    | Note
-------+----------+-------------------------------------------
     0 | D:1      | BOMJPIETVODKU the Deep Dwarf Fighter began the quest for
                  | the Orb.
     0 | D:1      | Reached XP level 1. HP: 20/20 MP: 1/1
   172 | D:1      | Found Xalloofy's Magic Scroll Emporium.
   182 | D:1      | Reached XP level 2. HP: 20/27 MP: 2/2
   907 | D:2      | Reached XP level 3. HP: 7/34 MP: 3/3
   980 | D:2      | Found Oload's Antique Weapon Shoppe.
  1188 | D:2      | Found a faded altar of an unknown god.
  1389 | D:3      | HP: 1/34 [hobgoblin (3)]
  1638 | D:3      | Reached XP level 4. HP: 17/42 MP: 4/4
  1985 | D:4      | Reached skill level 1 in Dodging
  1986 | D:4      | Noticed a necrophage
  1996 | D:4      | Killed a necrophage
  1997 | D:4      | Reached skill level 5 in Axes
  1997 | D:4      | Reached XP level 5. HP: 27/50 MP: 5/5
  2066 | D:4      | Reached XP level 6. HP: 20/57 MP: 6/6
  2138 | D:4      | Identified the +11 short sword of the Sun {vorpal, rC++}
  2156 | D:4      | Found a sand-covered staircase.
  2162 | Ossuary  | Entered an ossuary
  2162 | Ossuary  | Noticed a wraith
  2162 | Ossuary  | Noticed a wraith
  2162 | Ossuary  | Noticed a wraith
  2220 | Ossuary  | Reached XP level 7. HP: 39/66 MP: 7/7
  2230 | Ossuary  | Noticed a wraith
  2240 | Ossuary  | Killed a wraith
  2241 | Ossuary  | Reached skill level 5 in Fighting
  2241 | Ossuary  | Reached skill level 1 in Short Blades
  3042 | D:5      | Entered Level 5 of the Dungeon
  3042 | D:5      | Noticed chimenez's ghost (novice DgEE)
  3042 | D:5      | Found a runed translucent gate.
  3042 | D:5      | Found a runed translucent gate.
  3042 | D:5      | Found a runed translucent gate.
  3178 | D:5      | Noticed a steam dragon
  3190 | D:5      | Killed a steam dragon
  3221 | D:5      | Found a staircase to the Ecumenical Temple.
  3225 | D:5      | Reached XP level 8. HP: 16/76 MP: 8/8
  3242 | Temple   | Entered the Ecumenical Temple
  3256 | Temple   | Became a worshipper of Makhleb the Destroyer
  3752 | D:6      | Found Esogohek's Weapon Shoppe.
  3897 | D:6      | Reached skill level 5 in Shields
  3995 | D:6      | Reached skill level 10 in Fighting
  3995 | D:6      | Gained mutation: You passively map the area around you.
                  | [Deep Dwarf growth]
  3995 | D:6      | Reached XP level 9. HP: 33/93 MP: 8/14
  4296 | D:6      | Reached * piety under Makhleb
  4738 | D:7      | Reached XP level 10. HP: 30/97 MP: 15/15
  4814 | D:7      | Identified a scroll of acquirement
  4925 | D:2      | Bought a slimy battleaxe for 218 gold pieces
  4925 | D:2      | Identified the +8 battleaxe "Codil" {distort, Contam Str+4
                  | Stlth+} (You bought it in a shop on level 2 of the Dungeon)
  5093 | D:7      | Noticed Prince Ribbit
  5100 | D:7      | Killed Prince Ribbit
  5406 | D:8      | Found a glowing golden altar of the Shining One.
  5423 | D:8      | Found a white marble altar of Elyvilon.
  5425 | D:8      | Found an ancient bone altar of Kikubaaqudgha.
  6133 | D:8      | Reached ** piety under Makhleb
  6763 | D:9      | Found a radiant altar of Vehumet.
  7116 | D:10     | Entered Level 10 of the Dungeon
  7337 | D:2      | Bought a jewelled long sword for 161 gold pieces
  7337 | D:2      | Identified the +6 long sword of Fortitude {freeze, Str+4
                  | Dex+3} (You bought it in a shop on level 2 of the Dungeon)
  7546 | D:10     | Reached XP level 11. HP: 66/110 MP: 12/12
  7652 | D:10     | Reached *** piety under Makhleb
  7736 | D:10     | Noticed Maurice
  7749 | D:10     | Killed Maurice
  7755 | D:10     | Acquired 1081 gold pieces
  7894 | D:10     | Found a staircase to the Lair.
  8114 | D:1      | Bought 3 scrolls of enchant armour for 225 gold pieces
  8114 | D:1      | Bought a scroll of enchant armour for 75 gold pieces
  8114 | D:1      | Bought a scroll of identify for 20 gold pieces
  8114 | D:1      | Bought a scroll of summoning for 95 gold pieces
  8114 | D:1      | Bought a scroll of magic mapping for 35 gold pieces
  8114 | D:1      | Bought a scroll of fear for 35 gold pieces
  8114 | D:1      | Bought a scroll of enchant armour for 75 gold pieces
  8363 | D:10     | Found a basalt altar of Yredelemnul.
  8366 | D:10     | Found a glowing silver altar of Zin.
  8729 | D:11     | You fall into a shaft and drop 2 floors!
  8877 | D:11     | Noticed Urug
  8890 | D:11     | HP: 1/110 [Urug (18)]
  8902 | D:11     | Killed Urug
  9133 | D:11     | Noticed a skeletal warrior
  9134 | D:11     | Noticed a skeletal warrior
  9135 | D:11     | Noticed a skeletal warrior
  9207 | D:10     | Killed a skeletal warrior
  9211 | D:10     | Killed a skeletal warrior
  9212 | D:10     | Reached skill level 10 in Axes
  9341 | Lair:1   | Entered Level 1 of the Lair of Beasts
  9412 | Lair:1   | HP: 4/110 [blink frog (2)]
  9413 | Lair:1   | Slain by a blink frog

Illustrated notes

Levels and vault maps discovered:
D:1:      mrwooster_arrival_statue_3, layout_basic, serial_shops, shop
D:2:      layout_rooms, shapermc_ecumenical_altar_starsandcircs, serial_shops,
          shop, minmay_misc_feat_tiny, bh_walls_and_bars
D:3:      layout_basic, minmay_tree_intersection
D:4:      layout_loops_ring, enter_ossuary_5, minmay_misc_feat_cross
D:5:      layout_basic, temple_hall, gammafunk_ghost_nasty_kobolds
D:6:      wander_river, layout_loops_ring, serial_shops, nicolae_lakefront_shop
D:7:      cheibrodos_steamvent, layout_rooms, chequers_serial_rivers_small_b,
          uniq_prince_ribbit1
D:8:      layout_gridville, tso_metal_star,
          chequers_temple_overflow_statue_of_worship, minmay_lizard_king
D:9:      cheibrodos_helix_gallery, layout_basic, vehumet_altar_wand_db,
          serial_curves, eino_curves_02, eino_curves_03,
          kennysheep_generic_room_15
D:10:     layout_layer_cave, nicolae_overflow_hidden_temple,
          grunt_lair_entry_orc_guard_hut, hangedman_decor_diamond_cutter,
          uniq_maurice
D:11:     layout_layer_cave, orc_0_dummy, uniq_fannar, uniq_urug
D:12:     layout_roguey, grunt_qazlal_sundering, uniq_josephine
D:13:     layout_basic, david_vaults_1
Temple:   lightli_temple_of_artemis
Lair:1:   layout_gridlike, minivault_26, minmay_lair_oklob_chamber

Skill      XL: |  1  2  3  4  5  6  7  8  9 10 11 |
---------------+----------------------------------+-----
Fighting       | 3 4 5 10 | 10.9
Axes           | 3 4 5 6 7 10 | 10.2
Dodging        | 1 |  1.1
Short Blades   | 2 |  2.0
Shields        | 4 5 7 |  7.4
Armour         | 8 9 |  9.3
Invocations    | 7 8 9 |  9.8

Action                   |  1- 3 |  4- 6 |  7- 9 | 10-12 || total
-------------------------+-------+-------+-------+-------++-------
Melee: War axe           |   113 |    60 |       |       ||   173
       Short sword       |       |    28 |   215 |   397 ||   640
Invok: Minor Destruction |       |       |       |     2 ||     2
       Lesser Servant of |       |       |       |     1 ||     1
 Abil: Heal Wounds       |     1 |     2 |     6 |    23 ||    32
  Use: Scroll            |     6 |       |     9 |     6 ||    21
       Potion            |       |       |     1 |     5 ||     6
Armor: Scale mail        |    27 |       |       |       ||    27
       Plate armour      |    17 |    50 |   120 |   369 ||   556
Dodge: Dodged            |    35 |    20 |    50 |   142 ||   247
Block: Kite shield       |    48 |    60 |   127 |   365 ||   600
